 Dungeon Crawl Stone Soup version 0.31-a0-986-g5e6e4ef867 (webtiles) character file.

Game seed: 14458769510476519481

209 avis the Ducker (level 5, -3/24 HPs)
             Began as a Felid Artificer on Nov 18, 2023.
             Slain by a sleepcap (7 damage)
             ... on level 4 of the Dungeon.
             The game lasted 00:17:30 (3684 turns).

avis the Ducker (Felid Artificer)                   Turns: 3684, Time: 00:17:31

Health: -3/24      AC:  1    Str: 10    XL:     5   Next: 55%
Magic:  6/6        EV: 20    Int: 13    God:
Gold:   222        SH:  0    Dex: 16    Spells: 3/5 levels left
                                        Lives:  0   Deaths: 2

rFire   . .          .
                       - Unarmed
rCold   . . .        (shield unavailable)
rNeg    . . .        (body armour unavailable)
rPois   .            (helmet unavailable)
rElec   .            (cloak unavailable)
rCorr   .            (gloves unavailable)
SInv    +            (boots unavailable)
Will    .....        (no amulet)
Stlth   ++           (no ring)
HPRegen 0.24/turn    (no ring)
MPRegen 0.10/turn

%: no passive effects
@: quick
A: very small, claws 1, fangs 3, see invisible, speed 1, shaggy fur 1, stealthy
paws, no weapons or thrown items, no armour, multi-lived
a: no special abilities


You were on level 4 of the Dungeon.
You visited 1 branch of the dungeon, and saw 4 of its levels.

You collected 222 gold pieces.

Inventory:

Wands
 a - a wand of flame (7) (quivered)
 b - a wand of charming (14)
 c - a wand of iceblast (4)
Scrolls
 e - a scroll of enchant armour {unknown}
 g - 2 scrolls of poison {unknown}
 k - a scroll of enchant weapon {unknown}
 m - a scroll of fear {unknown}
 n - 2 scrolls of amnesia {unknown}
 o - a scroll of brand weapon {unknown}
 p - a scroll of identify
Potions
 d - a potion of mutation {unknown}
 f - 2 potions of might
 h - a potion of lignification
 i - 2 potions of enlightenment {unknown}
 j - 2 potions of heal wounds {unknown}
 l - a potion of brilliance {unknown}


   Skills:
 - Level 3.0 Fighting
 - Level 6.0 Dodging
 - Level 2.0 Stealth
 - Level 2.0 Unarmed Combat
 * Level 0.5 Spellcasting
 - Level 3.2 Evocations


You had 3 spell levels left.
You knew the following spells:

 Your Spells              Type           Power      Damage    Failure   Level
e - Wereblood             Tmut           0%         N/A       41%         2

Your spell library contained the following spells:

 Spells                   Type           Power      Damage    Failure   Level
 Irradiate                Conj/Tmut      0%         3d11      100%        5


Dungeon Overview and Level Annotations

Branches:
Dungeon (4/15)
 Temple: D:4-7

Altars:
Hepliaklqana

Shops:
D:4 !

Annotations:
D:2 Can't reach some places.


Innate Abilities, Weirdness & Mutations

You have sharp claws.
You have razor-sharp teeth.
You have supernaturally acute eyesight. (SInv)
You cover ground quickly. (Speed+)
You are covered in fur. (AC +1)
Your paws help you pounce on unaware monsters.
You are incapable of wielding weapons or throwing items.
You cannot wear armour.
You gain extra lives every three experience levels.


Message History

The sleepcap closely misses you.
You scratch the sleepcap.
You bite the sleepcap, but do no damage.
The sleepcap is lightly damaged.
The sleepcap closely misses you.
You scratch the sleepcap. You bite the sleepcap.
The sleepcap is moderately damaged.
The sleepcap misses you.
You scratch the sleepcap.
The sleepcap is heavily damaged.
The sleepcap barely misses you.
You claw the sleepcap!
You bite the sleepcap, but do no damage.
The sleepcap is severely damaged.
The sleepcap closely misses you.
You scratch the sleepcap but do no damage.
The sleepcap is severely damaged.
The sleepcap releases spores at you!
You are engulfed in a cloud of soporific spores!
You fall asleep.
The sleepcap releases spores at you!
You wake up.
* * * LOW HITPOINT WARNING * * *
You are engulfed in a cloud of soporific spores!
You are unaffected.
You scratch the sleepcap.
The sleepcap is almost destroyed.
The sleepcap misses you.
You scratch the sleepcap but do no damage.
The sleepcap is almost destroyed.
The sleepcap releases spores at you.
* * * LOW HITPOINT WARNING * * *
You are engulfed in a cloud of soporific spores!
You are unaffected.
You scratch the sleepcap.
The sleepcap is almost destroyed.
The sleepcap misses you.
You scratch the sleepcap but do no damage.
The sleepcap is almost destroyed.
The sleepcap releases spores at you!
You die...

..# #....#
..#######...# ..r...
........#..## ......
.......∩#..###.##....#
##......#.......#....#
#......'.......#....+
#......#######+#....#
#.................#
#..............@f.#
#######...........#
#...........#
#......###### #......#
#......# #......#
########


You could see a sleepcap and a quokka (asleep).

Vanquished Creatures
  An orc priest (D:3)
  An orc wizard (D:3)
  2 adders
  2 worms
  5 dart slugs
  9 orcs
  8 ball pythons
  8 bats
  7 endoplasms
  2 giant cockroaches
  9 hobgoblins
  3 jackals (D:3)
  6 kobolds
  4 quokkas
  3 frilled lizards
  4 goblins
  8 rats
82 creatures vanquished.

Vanquished Creatures (collateral kills)
  An orc wizard (D:4)
1 creature vanquished.

Grand Total: 83 creatures vanquished

Notes
Turn   | Place    | Note
-------+----------+-------------------------------------------
     0 | D:1      | avis the Felid Artificer began the quest for the Orb.
     0 | D:1      | Reached XP level 1. HP: 9/9 MP: 2/2
    44 | D:1      | Reached skill level 1 in Unarmed Combat
   171 | D:1      | Reached XP level 2. HP: 13/13 MP: 3/3
   739 | D:1      | Reached XP level 3. HP: 8/16 MP: 4/4
  1193 | D:2      | Reached skill level 4 in Dodging
  1370 | D:2      | Found a faded altar of an unknown god.
  1708 | D:2      | Reached XP level 4. HP: 5/20 MP: 5/5
  2189 | D:3      | Identified the +5 leather armour "Xuiruidgh" {rElec}
  2319 | D:3      | Killed from afar by an orc wizard
  2524 | D:3      | Reached skill level 5 in Dodging
  2528 | D:3      | Reached XP level 5. HP: 6/24 MP: 6/6
  2609 | D:3      | Learned a level 2 spell: Wereblood
  2911 | D:3      | Found a hazy altar of Hepliaklqana.
  3432 | D:4      | HP: 1/24 [orc wizard/magic dart (4)]
  3434 | D:4      | Slain by an orc wizard
  3438 | D:4      | Reached skill level 6 in Dodging
  3645 | D:4      | Found Zogylij's Distillery.
  3684 | D:4      | Slain by a sleepcap

Illustrated notes

Levels and vault maps discovered:
D:1:      erik_arrival_blinker_ship, layout_loops_cross, st_stairs_3,
          minmay_misc_feat_five
D:2:      kennysheep_six_static_rooms, layout_loops_ring,
          ebering_ecumenical_altar_abandoned, chequers_serial_rivers_large_a
D:3:      layout_loops_ring, nzn_hepliaklqana_mist_gate, kennysheep_crisscross
D:4:      layout_gridville, serial_shops, shop,
          mainiacjoe_sewer_entry_somewhere_in_here_1, pf_guarded_unrand_meek

Skill      XL: |  1  2  3  4  5 |
---------------+----------------+-----
Unarmed Combat | 1 2 |  2.0
Fighting       | 2 3 |  3.0
Dodging        | 4 5 6 |  6.0
Stealth        | 2 |  2.0
Spellcasting   | |  0.5
Evocations     | |  3.2

Action                     |  1- 3 |  4- 6 || total
---------------------------+-------+-------++-------
  Melee: Unarmed           |   138 |   152 ||   290
         Bite              |    16 |    23 ||    39
         Punch             |     2 |     4 ||     6
  Evoke: Wand              |     2 |     8 ||    10
    Use: Scroll            |       |     2 ||     2
   Stab: Sleeping          |    10 |     2 ||    12
         Distracted        |       |     1 ||     1
 Armour: Skin              |    31 |    54 ||    85
  Dodge: Dodged            |    92 |   110 ||   202

Table legend: (Time is in decaauts)
 A = Elapsed time spent in this place.
 B = Non-inter-level travel time spent in this place.
 C = Inter-level travel time spent in this place.
 D = Time resting spent in this place.
 E = Time spent auto-exploring this place.
 F = Levels seen in this place.
 G = Mean time per level.
                   A        B        C        D        E       F      G
               +--------+--------+--------+--------+--------+-----+--------+
         Total |   3196 |   2946 |    250 |    711 |   1238 |   4 |  799.0 |
       Dungeon |   3196 |   2946 |    250 |    711 |   1238 |   4 |  799.0 |
               +--------+--------+--------+--------+--------+-----+--------+

Top non-repeatable levels by time:
     D:3: 1090 daAuts
     D:1: 969 daAuts
     D:2: 875 daAuts
     D:4: 261 daAuts
